 Dungeon Crawl Stone Soup version 0.26.1-10-gdfb7c7de75 (webtiles) character file.

Game seed: 10905004989100110893

434 Almogavar the Chopper (level 7, -12/52 HPs)
             Began as a Gnoll Wanderer on Apr 12, 2021.
             Mangled by an ogre
             ... wielding a +0 giant club
              (24 damage)
             ... on level 4 of the Dungeon.
             The game lasted 00:08:03 (3540 turns).

Almogavar the Chopper (Gnoll Wanderer)              Turns: 3540, Time: 00:08:04

Health: -12/52     AC:  7    Str: 17    XL:     7   Next: 0%
Magic:  10/10      EV: 11    Int: 14    God:
Gold:   474        SH:  0    Dex: 14    Spells: 9/10 levels left

rFire    + . .     SeeInvis .   a - +3 hand axe
rCold    x . .     Faith    .   (no shield)
rNeg     . . .     Spirit   .   c - +0 ring mail (curse)
rPois    .         Reflect  .   (no helmet)
rElec    .         Harm     .   (no cloak)
rCorr    .         Rampage  .   (no gloves)
Will     .....                  l - +1 pair of boots
Stlth    ++........             (no amulet)
HPRegen  0.17/turn              j - ring of fire
MPRegen  0.12/turn              (no ring)

@: no status effects
A: distributed training, fangs 1, strong nose
a: no special abilities


You were on level 4 of the Dungeon.
You visited 1 branch of the dungeon, and saw 4 of its levels.
You also visited: Ossuary.

You collected 474 gold pieces.

Inventory:

Hand Weapons
 a - a +3 hand axe (weapon)
Armour
 c - a cursed +0 ring mail (worn)
 e - a +0 chain mail
 l - a +1 pair of boots (worn)
Jewellery
 j - a ring of fire (left hand)
Wands
 k - a wand of paralysis (12)
Scrolls
 b - a scroll of remove curse
 d - a scroll of teleportation
 m - a scroll of fear
Potions
 f - 2 potions of lignification {unknown}
 g - a potion of haste {unknown}
 h - a potion of cancellation {unknown}
 i - a potion of heal wounds {unknown}
 n - a potion of flight {unknown}


   Skills:
 + Level 3.4 Fighting
 + Level 2.2 Short Blades
 + Level 2.2 Long Blades
 + Level 6.9 Axes
 + Level 2.2 Maces & Flails
 + Level 2.2 Polearms
 + Level 2.2 Staves
 + Level 2.2 Slings
 + Level 2.2 Bows
 + Level 2.2 Crossbows
 + Level 3.4 Throwing
 + Level 3.4 Armour
 + Level 2.2 Dodging
 + Level 3.2 Stealth
 + Level 2.2 Shields
 + Level 2.2 Unarmed Combat
 + Level 2.2 Spellcasting
 + Level 1.7 Conjurations
 + Level 1.7 Hexes
 + Level 4.2 Summonings
 + Level 1.7 Necromancy
 + Level 1.7 Translocations
 + Level 1.7 Transmutations
 + Level 1.7 Fire Magic
 + Level 1.7 Ice Magic
 + Level 1.7 Air Magic
 + Level 1.7 Earth Magic
 + Level 2.8 Poison Magic
 + Level 2.4 Invocations
 + Level 2.2 Evocations


You had 9 spell levels left.
You knew the following spells:

 Your Spells              Type           Power        Failure   Level
a - Sting                 Tmut/Pois      28%          16%         1

Your spell library contained the following spells:

 Spells                   Type           Power        Failure   Level
 Foxfire                  Conj/Fire      36%          21%         1
 Spider Form              Tmut/Pois      3%           43%         3
 Mephitic Cloud           Conj/Pois/Air  7%           45%         3
 Summon Lightning Spire   Summ/Air       9%           77%         4
 Silence                  Hex/Air        3%           99%         5
 Conjure Ball Lightning   Conj/Air       3%           100%        6
 Tornado                  Air            3%           100%        9


Dungeon Overview and Level Annotations

Branches:
Dungeon (4/15)            Ossuary (visited)
 Temple: D:4-7

Altars:
Xom

Shops:
D:4 (


Innate Abilities, Weirdness & Mutations

Your experience applies equally to all skills.
You have very sharp teeth.
Your uncanny sense of smell can sniff out nearby items.


Message History

The ogre barely misses you.
You hit the ogre.
The ogre is lightly wounded.
You hit the ogre.
The ogre is lightly wounded.
The ogre hits you with a +0 giant club!!
You hit the ogre.
The ogre is moderately wounded.
The ogre misses you.
You hit the ogre.
The ogre is heavily wounded.
The ogre hits you with a +0 giant club!
* * * LOW HITPOINT WARNING * * *
You are too injured to fight recklessly!
You hit the ogre. You bite the ogre, but do no damage.
The ogre is severely wounded.
You slash the ogre! You bite the ogre.
The ogre is almost dead.
The ogre hits you with a +0 giant club!!
You die...

#.........####..#*,**,..,,,,,,*,,
#.........#*#..#**+###..**,,,,,,,
#.........##..#,,,∆...#,,*,,,,,,,
#.........#..###,,..$#**,,,,,,,,,
#...........##.#*,..#*,**,,,,,,,,
#..........###'###.###+#**,,,,***
#.......................,,,,,,*
#..........#.......)....,,,,,**
#.........##....@.......*,,,,*
#.$.......##.....O......*,,,,*
,......)..##$...........**,,,****
,,........##.!..........**,,,,,,,
,,,.######*#............**,,,****
,,,,** #............+,,,>,**
,,,,,*** #............***,,,,*
,,,,,,,* #............* *,,,,*
,,,,,,,*****,,,,,,,,,,,,* *,,,,**


You could see an ogre.

Vanquished Creatures
  An ogre (D:4)
  A hound (D:4)
  A human zombie (Ossuary)
  An orc wizard (D:3)
  An iguana (D:4)
  2 big kobold zombies (Ossuary)
  3 mummies
  5 adders
  3 river rats (D:3)
  An adder skeleton (D:4)
  3 worms
  4 dart slugs
  5 orcs (D:3)
  6 bats
  2 giant cockroaches
  3 gnoll zombies (Ossuary)
  5 goblins
  3 hobgoblins
  4 jackals (D:3)
  2 quokkas
  3 ball pythons (D:3)
  6 frilled lizards
  5 goblin zombies (Ossuary)
  A hobgoblin zombie (Ossuary)
  4 kobolds
  2 orc zombies (Ossuary)
  7 rats
84 creatures vanquished.

Notes
Turn   | Place    | Note
-------+----------+-------------------------------------------
     0 | D:1      | Almogavar the Gnoll Wanderer began the quest for the Orb.
     0 | D:1      | Almogavar set off with the following items: a +2 hand axe,
                  | a +0 robe; and the following spells available to memorise:
                  | Sting, Foxfire, Spider Form, Mephitic Cloud
     0 | D:1      | Reached XP level 1. HP: 17/17 MP: 1/1
   160 | D:1      | Reached XP level 2. HP: 23/23 MP: 2/2
   561 | D:1      | Learned a level 1 spell: Sting
   597 | D:2      | Reached XP level 3. HP: 10/28 MP: 1/3
  1144 | D:2      | Found a faded altar of an unknown god.
  1219 | D:2      | Reached skill level 1 in Invocations
  1353 | D:2      | Reached skill level 1 in Short Blades
  1353 | D:2      | Reached skill level 1 in Long Blades
  1353 | D:2      | Reached skill level 1 in Maces & Flails
  1353 | D:2      | Reached skill level 1 in Polearms
  1353 | D:2      | Reached skill level 1 in Staves
  1353 | D:2      | Reached skill level 1 in Slings
  1353 | D:2      | Reached skill level 1 in Bows
  1353 | D:2      | Reached skill level 1 in Crossbows
  1353 | D:2      | Reached skill level 1 in Dodging
  1353 | D:2      | Reached skill level 1 in Shields
  1353 | D:2      | Reached skill level 1 in Unarmed Combat
  1353 | D:2      | Reached skill level 1 in Spellcasting
  1353 | D:2      | Reached skill level 1 in Evocations
  1353 | D:2      | Reached XP level 4. HP: 32/34 MP: 5/5
  1625 | D:3      | Reached skill level 1 in Conjurations
  1625 | D:3      | Reached skill level 1 in Hexes
  1625 | D:3      | Reached skill level 1 in Necromancy
  1625 | D:3      | Reached skill level 1 in Translocations
  1625 | D:3      | Reached skill level 1 in Transmutations
  1625 | D:3      | Reached skill level 1 in Fire Magic
  1625 | D:3      | Reached skill level 1 in Ice Magic
  1625 | D:3      | Reached skill level 1 in Air Magic
  1625 | D:3      | Reached skill level 1 in Earth Magic
  1928 | D:3      | Reached XP level 5. HP: 40/40 MP: 6/6
  2037 | D:3      | Found a shimmering altar of Xom.
  2766 | D:4      | Noticed an ogre
  2773 | D:4      | Killed an ogre
  2774 | D:4      | Reached XP level 6. HP: 47/47 MP: 8/8
  2778 | D:4      | Found Qat Vaojapp's Antique Weapon Shop.
  2847 | D:4      | Found a sand-covered staircase.
  2857 | Ossuary  | Entered an ossuary
  3304 | Ossuary  | Reached XP level 7. HP: 27/52 MP: 10/10
  3540 | D:4      | Mangled by an ogre

Illustrated notes

Levels and vault maps discovered:
D:1:      wander_arrival_fairy_ring, layout_loops_ring, minmay_domino_2
D:2:      layout_basic, chequers_ecumenical_altar_lobes
D:3:      layout_basic, xom_butterflies, portal_sewer_entry_e,
          minmay_crystal_water, lightli_corner_chamber
D:4:      layout_basic, good_gods_temple_1, nicolae_ossuary_entry_giza,
          serial_shops, kennysheep_mini_moat

Skill      XL: |  1  2  3  4  5  6 |
---------------+-------------------+-----
Poison Magic   | 2 |  2.8
Invocations    | 1 2 |  2.4
Short Blades   | 1 2 |  2.2
Long Blades    | 1 2 |  2.2
Maces & Flails | 1 2 |  2.2
Polearms       | 1 2 |  2.2
Staves         | 1 2 |  2.2
Slings         | 1 2 |  2.2
Bows           | 1 2 |  2.2
Crossbows      | 1 2 |  2.2
Dodging        | 1 2 |  2.2
Shields        | 1 2 |  2.2
Unarmed Combat | 1 2 |  2.2
Spellcasting   | 1 2 |  2.2
Evocations     | 1 2 |  2.2
Conjurations   | 1 |  1.7
Hexes          | 1 |  1.7
Necromancy     | 1 |  1.7
Translocations | 1 |  1.7
Transmutations | 1 |  1.7
Fire Magic     | 1 |  1.7
Ice Magic      | 1 |  1.7
Air Magic      | 1 |  1.7
Earth Magic    | 1 |  1.7
Fighting       | 3 |  3.4
Throwing       | 3 |  3.4
Armour         | 3 |  3.4
Summonings     | 4 |  4.2
Stealth        | 3 |  3.2
Axes           | |  6.9

Action                   |  1- 3 |  4- 6 |  7- 9 || total
-------------------------+-------+-------+-------++-------
Melee: Hand axe          |    82 |   172 |     6 ||   260
       Bite              |     1 |    22 |     2 ||    25
       Punch             |       |     2 |       ||     2
  Use: Scroll            |     1 |     6 |       ||     7
 Stab: Sleeping          |     6 |     1 |       ||     7
       Distracted        |       |     1 |       ||     1
Armor: Robe              |     4 |       |       ||     4
       Ring mail         |    27 |    62 |       ||    89
Dodge: Dodged            |    43 |    84 |     2 ||   129
